 Dungeon Crawl Stone Soup version 0.17-a0-1914-gde4187c (webtiles) character file.

8561 graki42 the Eclecticist (level 11, -8/52 (57) HPs)
             Began as a Deep Elf Necromancer on Sept 25, 2015.
             Was an Elder of Sif Muna.
             Mangled by an ogre
             ... wielding a +0 giant spiked club
              (28 damage)
             ... on level 8 of the Dungeon on Sept 26, 2015.
             The game lasted 00:53:24 (12051 turns).

graki42 the Eclecticist (Deep Elf Necromancer)     Turns: 12051, Time: 00:53:24

HP:   -8/52 (57)    AC:  7    Str: 11    XL:     11   Next: 11%
MP:   40/47         EV: 16    Int: 22    God:    Sif Muna [****..]
Gold: 399           SH:  0    Dex: 15    Spells: 3 memorised, 33 levels left

rFire  + . .     SeeInvis +     x - +8 war axe of Miawot {chop, *Noise +Inv MR+ Str+4}
rCold  x . .     Clarity  .     L - +0 robe {MR+}
rNeg   . . .     SustAt   .     (no shield)
rPois  +         Gourm    .     E - +1 helmet
rElec  .         Spirit   .     (no cloak)
rCorr  .         Warding  .     e - +0 pair of gloves
rMut   .         Stasis   .     (no boots)
MR     +++..                    (no amulet)
Stlth  +++.......               n - ring "Itohebaag" {Fire +Inv rPois MP+9 SInv}
                                p - ring of magical power

@: extremely resistant to hostile enchantments, fairly stealthy
A: slimy green scales 1, low mp 1, wild magic 2, evolution 1
a: Channel Energy, Forget Spell, Renounce Religion, Evoke Invisibility


You were on level 8 of the Dungeon.
You worshipped Sif Muna.
Sif Muna was greatly pleased with you.
You were hungry.

You visited 2 branches of the dungeon, and saw 10 of its levels.

You collected 399 gold pieces.

Inventory:

Hand weapons
 j - a +1 mace of crushing
 x - the +8 war axe of Miawot (weapon) {chop, *Noise +Inv MR+ Str+4}
   (You found it on level 9 of the Dungeon)

   It inflicts extra damage upon your enemies.
   It affects your strength (+4).
   It affects your resistance to hostile enchantments.
   It lets you turn invisible.
   It may make noises in combat.
 J - a +4 scimitar of flaming
Missiles
 a - a throwing net (quivered)
Armour
 e - a +0 pair of gloves (worn)
 E - a +1 helmet (worn)
 L - a +0 robe of magic resistance (worn)
Jewellery
 l - an uncursed ring of ice
 n - the ring "Itohebaag" (right hand) {Fire +Inv rPois MP+9 SInv}
   (You found it on level 4 of the Dungeon)

   [ring of fire]

   It enhances your fire magic, and weakens your ice magic.
   It protects you from fire.
   It makes you vulnerable to cold.
   It protects you from poison.
   It affects your magic capacity (+9).
   It lets you see invisible.
   It lets you turn invisible.
 p - a ring of magical power (left hand)
 u - an uncursed ring of magical power
Magical devices
 k - a wand of fire (1)
 q - a wand of confusion (26)
 t - a wand of slowing (30)
 y - a wand of draining (7)
 G - a wand of flame (31)
 I - a wand of fireball (6)
Scrolls
 d - 3 scrolls of enchant weapon
 f - 2 scrolls of recharging
 h - 4 scrolls of remove curse
 o - 4 scrolls of identify
 r - 4 scrolls of teleportation
 s - 3 scrolls of enchant armour
 H - 3 scrolls of immolation
Potions
 g - 2 potions of curing
 m - 4 potions of flight
 v - 3 potions of cancellation
 w - a potion of brilliance
 A - 3 potions of heal wounds
 B - 2 potions of agility
 F - a potion of cure mutation
Books
 b - a book of Necromancy

   Spells                             Type                      Level
   a - Pain                           Necromancy                   1
   b - Animate Skeleton               Necromancy                   1
   c - Vampiric Draining              Necromancy                   3
   d - Regeneration                   Charms/Necromancy            3
   e - Animate Dead                   Necromancy                   4
   f - Control Undead                 Necromancy                   4
Comestibles
 c - 5 bread rations
 i - a chunk of flesh
 z - a beef jerky
 C - a slice of pizza
 D - 5 meat rations


   Skills:
 + Level 2.0 Fighting
 + Level 1.4 Long Blades
 + Level 0.9 Maces & Flails
 + Level 6.3 Dodging
 + Level 3.8 Stealth
 + Level 15.2 Spellcasting
 + Level 1.1 Charms
 + Level 12.8 Necromancy
 + Level 0.4 Evocations


You had 33 spell levels left.
You knew the following spells:

 Your Spells              Type           Power        Failure   Level  Hunger
a - Pain                  Necr           ####         1%          1    None
b - Vampiric Draining     Necr           #######...   2%          3    None
c - Regeneration          Chrm/Necr      #######...   8%          3    None


Dungeon Overview and Level Annotations

Branches:
Dungeon (9/15)             Temple (1/1) D:6            Lair (0/8) D:9
    Orc (0/4) D:9

Altars:
Ashenzari
Cheibriados
Dithmenos
Elyvilon
Fedhas
Gozag
Kikubaaqudgha
Makhleb
Nemelex Xobeh
Okawaru
Qazlal
Ru
Sif Muna
Trog
Vehumet
Xom
Yredelemnul
Zin
The Shining One

Shops:
D:5 *

Annotations:
D:4 GrandHerb's ghost, average TeAE


Innate Abilities, Weirdness & Mutations

You are partially covered in slimy green scales (AC +2).
Your magical capacity is low (-10% MP).
Your spells are harder to cast, but more powerful.
You evolve.


Message History

The ogre convulses in agony!
The ogre hits you with a giant spiked club!!
Casting: Pain
Confirm with . or Enter, or press ? or * to list all spells.
Aiming: Vampiric Draining
Press: ? - help, Shift-Dir - straight line, f/p - ogre
Aim: an ogre, wielding a giant spiked club (moderately wounded)
The ogre is heavily wounded.
You feel life coursing into your body.
The ogre hits you with a giant spiked club!
Casting: Vampiric Draining
Confirm with . or Enter, or press ? or * to list all spells.
Aiming: Vampiric Draining
Press: ? - help, Shift-Dir - straight line, f/p - ogre
Aim: an ogre, wielding a giant spiked club (heavily wounded)
The ogre is severely wounded.
You feel life coursing into your body.
The ogre hits you with a giant spiked club!!
Ouch! That really hurt!
You die...

## #..# #(.### ###
#.### #.##
####.###...# #.#
#.....##...####.#
..#.........##..#
####.##........#######
#####......##.....##.
##....##.........
##.......@O...s..
#...###....^.....
########..##
#..(.......
##........#
#..........
.......#.##
#..........
...........
#........:.
#.....######
.#......... #......#
#........##. #......#
# .....##


You could see an ogre and a scorpion.

Vanquished Creatures
  Erica (D:8)
  An unseen horror (D:9)
  Pikel (D:6)
  Sigmund (D:2)
  A deep elf mage (D:9)
  13 yaks (D:9)
  A wyvern (D:9)
  A warg (D:9)
  2 water moccasins
  A wasp (D:8)
  2 porcupines (D:9)
  A slave (D:6)
  An orc warrior (D:9)
  An ice beast (D:8)
  2 sky beasts
  2 necrophages
  2 ogres
  A phantom (D:9)
  3 centaurs
  3 crocodiles (D:9)
  Blork the orc (D:6)
  A big kobold (D:8)
  A gnoll sergeant (D:6)
  3 giant frogs
  11 killer bees (D:9)
  A scorpion (D:8)
  A giant frog zombie (D:5)
  6 hounds
  2 centaur zombies
  5 orc wizards
  4 orc priests
  2 giant frog skeletons
  3 jellies
  Terence (D:2)
  Natasha (thrice) (D:2)
  4 iguanas
  8 worker ants
  A hound skeleton (D:8)
  12 gnolls
  10 adders
  2 river rats (D:9)
  2 shadow imps
  An adder zombie (D:8)
  5 worms
  An adder skeleton (D:7)
  8 giant geckos
  13 orcs
  7 giant cockroaches
  2 gnoll zombies (D:4)
  9 goblins
  5 hobgoblins
  2 jackals (D:1)
  18 kobolds
  3 quokkas
  8 bats
  A giant gecko skeleton (D:5)
  A giant newt (D:2)
  A quokka skeleton (D:9)
  A quokka zombie (D:6)
  11 rats
222 creatures vanquished.

Vanquished Creatures (others)
  An ogre (D:6)
  4 kobolds (D:6)
  2 bushes (D:9)
  2 fungi (D:9)
  13 plants (D:9)
22 creatures vanquished.

Grand Total: 244 creatures vanquished

Notes
Turn   | Place    | Note
--------------------------------------------------------------
     0 | D:1      | graki42 the Deep Elf Necromancer began the quest for the Orb.
     0 | D:1      | Reached XP level 1. HP: 10/10 MP: 6/6
     6 | D:1      | Noticed a wyvern
     6 | D:1      | Noticed a black bear
     7 | D:1      | Noticed a redback
     7 | D:1      | Noticed a salamander
    31 | D:1      | Reached skill level 5 in Necromancy
   281 | D:1      | Reached XP level 2. HP: 4/15 MP: 1/8
  1418 | D:2      | Reached XP level 3. HP: 11/19 MP: 7/10
  1572 | D:2      | Learned a level 3 spell: Vampiric Draining
  1859 | D:2      | Noticed Sigmund
  2131 | D:2      | Reached XP level 4. HP: 15/24 MP: 6/12
  2136 | D:2      | Learned a level 3 spell: Regeneration
  2266 | D:2      | Reached skill level 6 in Necromancy
  2427 | D:2      | Noticed Terence
  2435 | D:2      | Killed Terence
  2435 | D:2      | Reached skill level 5 in Spellcasting
  2655 | D:2      | Noticed Natasha
  2667 | D:2      | Killed Natasha
  2667 | D:2      | Reached XP level 5. HP: 12/28 MP: 5/14
  2915 | D:2      | Noticed Natasha
  2920 | D:2      | Killed Natasha
  3258 | D:2      | Noticed Natasha
  3264 | D:2      | Killed Natasha
  3313 | D:2      | Found a bloodstained altar of Trog.
  3313 | D:2      | Found an opulent altar of Gozag.
  3468 | D:3      | Found a blossoming altar of Fedhas.
  3468 | D:3      | Found a sparkling altar of Nemelex Xobeh.
  3945 | D:4      | Reached skill level 7 in Necromancy
  3951 | D:4      | Reached XP level 6. HP: 21/32 MP: 7/17
  4131 | D:4      | Noticed GrandHerb's ghost (average TeAE)
  5075 | D:4      | Got a coiled copper ring
  5078 | D:4      | Found a basalt altar of Yredelemnul.
  5080 | D:4      | Identified the ring "Itohebaag" {Fire +Inv rPois MP+9 SInv} (You found it on level 4 of the Dungeon)
  5264 | D:4      | Found a glowing golden altar of the Shining One.
  5311 | D:4      | Noticed a phantom
  5356 | D:4      | Found a blossoming altar of Fedhas.
  5357 | D:4      | Noticed a centaur
  5383 | D:5      | Entered Level 5 of the Dungeon
  5428 | D:5      | HP: 1/32 [ogre/giant club (8)]
  5431 | D:5      | Reached XP level 7. HP: 1/37 MP: 19/19
  5928 | D:5      | Found Keimuiwa's General Store.
  5984 | D:5      | Reached skill level 8 in Necromancy
  6029 | D:5      | Noticed a water moccasin
  6037 | D:5      | Killed a water moccasin
  6944 | D:2      | Killed Sigmund
  6944 | D:2      | Reached XP level 8. HP: 38/42 MP: 12/22
  7268 | D:6      | Reached skill level 9 in Spellcasting
  7277 | D:6      | Gained mutation: You are partially covered in slimy green scales (AC +2). [mutagenic meat]
  7278 | D:6      | Gained mutation: You evolve. [mutagenic meat]
  7279 | D:6      | Gained mutation: You have a pair of small horns on your head. [mutagenic meat]
  7280 | D:6      | Gained mutation: Your spells are a little harder to cast, but a little more powerful. [mutagenic meat]
  7281 | D:6      | Gained mutation: Your magical capacity is low (-10% MP). [mutagenic meat]
  7354 | D:6      | Found a staircase to the Ecumenical Temple.
  7361 | Temple   | Entered the Ecumenical Temple
  7755 | D:6      | Gained mutation: Your muscles are strong. (Str +2) [evolution]
  7805 | D:6      | Reached skill level 1 in Charms
  7818 | D:6      | Noticed Pikel
  7827 | D:6      | Killed Pikel
  7827 | D:6      | Reached skill level 10 in Spellcasting
  7889 | D:6      | Found a sacrificial altar of Ru.
  7892 | D:6      | Found a stormy altar of Qazlal.
  7895 | D:6      | Found a radiant altar of Vehumet.
  7904 | D:6      | Found a deep blue altar of Sif Muna.
  7908 | D:6      | Became a worshipper of Sif Muna the Loreminder
  8173 | D:6      | Noticed Blork the orc
  8183 | D:6      | Killed Blork the orc
  8298 | D:6      | Reached skill level 10 in Necromancy
  8479 | D:6      | Found a burning altar of Makhleb.
  8480 | D:6      | Found a shimmering altar of Xom.
  8488 | D:6      | Paralysed by a crimson imp for 4 turns
  8534 | D:7      | Reached XP level 9. HP: 11/43 MP: 23/23
  8535 | D:7      | Upgraded the game from 0.17-a0-1910-g4c791fa to 0.17-a0-1914-gde4187c
  9046 | D:7      | Reached skill level 1 in Fighting
  9046 | D:7      | Reached skill level 11 in Spellcasting
  9256 | D:8      | Acquired Sif Muna's first power
  9499 | D:8      | Reached skill level 5 in Dodging
  9597 | D:8      | HP: 2/42 [poisoned by an adder]
  9605 | D:8      | HP: 1/42 [poisoned by an adder]
  9805 | D:8      | Reached skill level 12 in Spellcasting
  9845 | D:8      | Noticed a gargoyle
  9855 | D:8      | Noticed Erica
  9916 | D:8      | Killed Erica
  9916 | D:8      | Acquired Sif Muna's second power
 10027 | D:8      | Lost mutation: Your muscles are strong. (Str +2) [mutagenic meat]
 10028 | D:8      | Gained mutation: Your spells are harder to cast, but more powerful. [mutagenic meat]
 10029 | D:8      | Lost mutation: You have a pair of small horns on your head. [mutagenic meat]
 10271 | D:9      | Noticed a centaur zombie
 10285 | D:9      | Killed a centaur zombie
 10285 | D:9      | Reached skill level 13 in Spellcasting
 10285 | D:9      | Reached XP level 10. HP: 38/47 MP: 26/26
 10709 | D:9      | Reached skill level 1 in Long Blades
 10709 | D:9      | Reached skill level 14 in Spellcasting
 10915 | D:9      | Gained mutation: Your magical capacity is very low (-20% MP). [evolution]
 10966 | D:9      | Noticed an unseen horror
 10991 | D:9      | Killed an unseen horror
 10995 | D:9      | Acquired Sif Muna's third power
 11193 | D:9      | Found a staircase to the Lair.
 11381 | D:9      | Reached XP level 11. HP: 44/52 MP: 25/25
 11385 | D:9      | Reached skill level 15 in Spellcasting
 11544 | D:9      | Found a staircase to the Orcish Mines.
 11549 | D:9      | Got a smoking war axe
 11585 | D:9      | Identified the +8 war axe of Miawot {chop, *Noise +Inv MR+ Str+4} (You found it on level 9 of the Dungeon)
 11800 | D:9      | Lost mutation: Your magical capacity is very low (-20% MP). [evolution]
 12051 | D:8      | Mangled by an ogre

Vault maps used:
D:1:      onia_arrival_zoo_common
D:2:      amethyst_overflow_temple_binary, roderic_serpentine_path,
          uniq_sigmund, uniq_terence, uniq_natasha
D:3:      nicolae_overflow_hidden_temple
D:4:      lemuel_zombie_altar_yredelemnul, old_standard_altar,
          kennysheep_nondescript, fedhas_bush_and_centaur_altar
D:5:      serial_shops, shop, first_bread, hangedman_decor_riveting
D:6:      grunt_temple_overflow_champion_of_chaos,
          grunt_temple_overflow_cloverleaf, minmay_temple_entry_steel_oval,
          minmay_unpleasant_kobolds, uniq_pikel, uniq_blork_the_orc
D:8:      uniq_psyche, uniq_erica
D:9:      minmay_lair_entry_grove, david_orc_3
Temple:   temple_island_7

Action                   |  1- 3 |  4- 6 |  7- 9 | 10-12 || total
-------------------------+-------+-------+-------+-------++-------
Melee: Mace              |       |    20 |    67 |       ||    87
       Scimitar          |       |       |    10 |    53 ||    63
       War axe           |       |       |       |     2 ||     2
 Cast: Pain              |    68 |   140 |   181 |   108 ||   497
       Vampiric Draining |       |       |    68 |    77 ||   145
       Regeneration      |       |       |     3 |     3 ||     6
Evoke: Wand              |       |       |     2 |       ||     2
  Use: Scroll            |       |     6 |    10 |     2 ||    18
       Potion            |       |       |     6 |       ||     6
 Stab: Sleeping          |       |     1 |     2 |       ||     3
  Eat: Chunk             |     3 |    11 |    25 |     6 ||    45
